 Dungeon Crawl Stone Soup version 0.31-a0-521-gc7390f8997 (webtiles) character file.

Game seed: 17512590969590677117

14170 MisterAzrael the Carver (level 11, -8/83 HPs)
             Began as a Minotaur Fighter on Aug 10, 2023.
             Was an Elder of the Shining One.
             Mangled by an orc warrior
             ... wielding a +0 halberd
              (11 damage)
             ... on level 2 of the Orcish Mines.
             The game lasted 00:18:30 (10728 turns).

MisterAzrael the Carver (Minotaur Fighter)         Turns: 10728, Time: 00:18:31

Health: -8/83      AC: 19    Str: 26      XL:     11   Next: 85%
Magic:  17/17      EV:  6    Int:  4 (5)  God:    the Shining One [****..]
Gold:   983        SH:  7    Dex: 21      Spells: 10/10 levels left

rFire   + + .        G - +5 scimitar
rCold   . . .        c - +0 buckler
rNeg    + + .        k - +4 plate armour {rF+}
rPois   .            (helmet restricted)
rElec   +            D - -1 cloak of the Bruised Xenops {-Tele rElec rF+ Will+}
rCorr   .            (no gloves)
SInv    .            w - +2 pair of boots {rampage}
Will    +....        e - amulet of the acrobat
Stlth   x              - +6 ring of dexterity
HPRegen 0.33/turn    A - +6 ring of dexterity
MPRegen 0.15/turn

%: no teleportation, acrobat, rampage
@: lethally poisoned (-8 -> -14), glowing
A: horns 2, retaliatory headbutt
a: Renounce Religion, Divine Shield, Cleansing Flame


You were on level 2 of the Orcish Mines.
You worshipped the Shining One.
The Shining One was greatly pleased with you.
You visited 2 branches of the dungeon, and saw 11 of its levels.

You collected 1211 gold pieces.
You spent 228 gold pieces at shops.

Inventory:

Hand Weapons
 a - a +0 long sword of venom
 d - a +2 hammer of protection
 o - the +3 whip "Wafam" {freeze, rCorr}
   (You found it on level 2 of the Dungeon)

   rCorr:     It protects you from acid and corrosion.
 G - a +5 scimitar (weapon)
Missiles
 E - 2 throwing nets
 F - 7 poisoned darts (quivered)
Armour
 b - a +0 scale mail
 c - a +0 buckler (worn)
 k - a +4 plate armour of fire resistance (worn)
 w - a +2 pair of boots of rampaging (worn)
 D - the -1 cloak of the Bruised Xenops (worn) {-Tele rElec rF+ Will+}
   (You found it on level 6 of the Dungeon)

   rF+:       It protects you from fire.
   rElec:     It insulates you from electricity.
   Will+:     It increases your willpower.
   -Tele:     It prevents most forms of teleportation.
Jewellery
 e - an amulet of the acrobat (around neck)
 g - a ring of ice
 p - a ring of see invisible
 t - a ring of positive energy
 x - a +6 ring of dexterity (left hand)
 A - a +6 ring of dexterity (right hand)
Talismans
 s - a beast talisman
Wands
 j - a wand of flame (9)
 v - a wand of quicksilver (16)
Scrolls
 h - a scroll of fear
 r - 4 scrolls of teleportation
 y - 4 scrolls of blinking
 B - 3 scrolls of fog
 C - 3 scrolls of immolation
 H - a scroll of enchant armour
Potions
 f - 2 potions of curing
 i - a potion of brilliance {unknown}
 m - a potion of mutation {unknown}
 n - 2 potions of degeneration
 q - a potion of attraction {unknown}
 u - a potion of resistance {unknown}
 z - 2 potions of cancellation
 J - a potion of enlightenment {unknown}


   Skills:
 - Level 3.8 Fighting
 + Level 13.2 Long Blades
 - Level 11.1 Maces & Flails
 * Level 5.1 Throwing
 - Level 3.8 Armour
 + Level 8.3 Shields
 * Level 10.0 Invocations


You had 10 spell levels left.
You didn't know any spells.
Your spell library contained the following spells:

 Spells                   Type           Power      Damage    Failure   Level
 Apportation              Tloc           0%         N/A       100%        1
 Freeze                   Ice            0%         1d3       100%        1
 Magic Dart               Conj           0%         1d3       100%        1
 Necrotise                Necr           0%         1d4       100%        1
 Summon Small Mammal      Summ           0%         N/A       100%        1
 Call Imp                 Summ           0%         N/A       100%        2
 Static Discharge         Conj/Air       0%         2-2/arc   100%        2
 Frozen Ramparts          Ice            0%         1d1       100%        3
 Hailstorm                Conj/Ice       0%         3d3       100%        3
 Ignite Poison            Fire/Tmut/Pois 0%         N/A       100%        3
 Mephitic Cloud           Conj/Pois/Air  0%         N/A       100%        3
 Airstrike                Air            0%         2d(0-16)  100%        4
 Sticky Flame             Conj/Fire      0%         2d3       100%        4
 Summon Lightning Spire   Summ/Air       0%         N/A       100%        4
 Alistair's Intoxication  Tmut/Pois      0%         N/A       100%        5
 Ignition                 Fire           0%         3d3       100%        8


Dungeon Overview and Level Annotations

Branches:
Dungeon (9/15)             Temple (0/1) D:5             Orc (2/2) D:9
    Elf (0/3) Orc:2
   Lair: D:8-11

Altars:
Gozag
Qazlal
Ru
Sif Muna
Trog
Uskayaw
Wu Jian
Xom
Yredelemnul
Zin
The Shining One

Shops:
D:5 ?   D:8 *   Orc:2 =


Innate Abilities, Weirdness & Mutations

You have a pair of horns on your head.
You reflexively headbutt those who attack you in melee.


Message History

The orc sorcerer casts a spell.
The orc knight roars a battlecry!
The orcs go into a battle-frenzy!
The orc priest calls down the wrath of Beogh upon you.
Beogh smites you!
The orc high priest mumbles some strange prayers to Beogh.
You continue taking off the -1 cloak of the Bruised Xenops {-Tele rElec rF+ Will+}.
The orc high priest mumbles some strange prayers to Beogh against you.
Beogh smites you!
The orc warrior hits you from afar with a +0 halberd.
The orc sorcerer gestures wildly while chanting.
You block the orc's attack. You block the orc warrior's attack.
The neqoxec gestures at you.
You feel dopey. Something feeds on your intellect!
You hear a shout! x2
You continue taking off the -1 cloak of the Bruised Xenops {-Tele rElec rF+ Will+}.
You block the sixfirhy's attack. The sixfirhy hits you.
The sixfirhy shocks you. You resist. The sixfirhy barely misses you.
The sixfirhy hits you!
* * * LOW HITPOINT WARNING * * *
The sixfirhy shocks you. You resist.
* * * LOW HITPOINT WARNING * * *
The orc high priest prays to Beogh.
The orc warrior hits you from afar with a +0 halberd.
* * * LOW HITPOINT WARNING * * *
The orc priest mumbles some strange prayers to Beogh against you.
Beogh smites you!
* * * LOW HITPOINT WARNING * * *
You block the orc warrior's attack. The orc hits you but does no damage.
The orc hits you with a +0 hand axe.
* * * LOW HITPOINT WARNING * * *
You continue taking off the -1 cloak of the Bruised Xenops {-Tele rElec rF+ Will+}.
You kill the orc warrior!
The hellwing disappears in a puff of smoke!
The sixfirhy closely misses you.
The orc high priest hits you but does no damage.
You are lethally poisoned!
The orc warrior hits you but does no damage.
The orc warrior hits you from afar with a +0 halberd!
You die...

....#............................
.............................#.#.
......................... ....###
........................ .... #
##...................... .. .
#....................... ..
#.............#.........
.................o......
...############o@o..### ...#
#.§oo3o...# ...# #43ooo)o..# ...#
#.3oo3oo..# ...# #3..oooo..# ..##


#.ooooo.oo# ..## ..o.ooooooo{ .#.# ...o......... ...# .............o You could
see an orc warlord (strong), 3 orc knights, 2 orc high priests, an orange demon
(summoned), a sixfirhy (summoned), 4 neqoxecs, 3 orc sorcerers, 12 orc warriors,
2 orc priests, 5 orc wizards and 6 orcs.

Vanquished Creatures
  Fannar (Orc:1)
  Harold (Orc:1)
  Erolcha (D:9)
  4 two-headed ogres
  Erica (Orc:1)
  3 orc sorcerers
  Maurice (D:9)
  2 ice devils (Orc:1)
  Maggie (D:6)
  2 trolls (Orc:2)
  Sigmund (D:3)
  3 steam dragons
  2 wargs
  An acid dragon (D:9)
  2 sky beasts
  13 orc warriors
  A black bear (D:5)
  A centaur (D:6)
  4 ogres
  3 phantoms
  A kobold brigand (D:8)
  A bullfrog (D:8)
  5 scorpions
  16 wights
  15 killer bees
  9 howler monkeys
  4 centaur zombies (D:7)
  2 bullfrog zombies (D:7)
  8 orc priests
  A hound (D:4)
  A jelly (D:5)
  2 iguanas
  Crazy Yiuf (D:3)
  A gnoll bouda (D:5)
  19 orc wizards
  3 sleepcaps
  Terence (D:3)
  Ijyb (D:3)
  4 killer bee zombies (D:7)
  A howler monkey zombie (D:7)
  4 gnolls (D:5)
  9 adders
  A shadow imp (D:6)
  4 ufetubi
  4 worms
  2 dart slugs
  51 orcs
  4 ball pythons
  10 endoplasms
  2 giant cockroaches
  3 hobgoblins
  3 jackals (D:2)
  3 quokkas
  3 bats
  2 frilled lizards
  6 goblins
  18 kobolds
  2 rats
  A butterfly (D:5)
276 creatures vanquished.

Vanquished Creatures (others)
  A bat (D:3)
1 creature vanquished.

Grand Total: 277 creatures vanquished

Notes
Turn   | Place    | Note
-------+----------+-------------------------------------------
     0 | D:1      | MisterAzrael the Minotaur Fighter began the quest for the
                  | Orb.
     0 | D:1      | Reached XP level 1. HP: 19/19 MP: 0/0
   243 | D:1      | Reached XP level 2. HP: 27/27 MP: 1/1
   378 | D:1      | Reached skill level 3 in Long Blades
   774 | D:2      | Identified the +3 whip "Wafam" {freeze, rCorr}
   788 | D:2      | Reached skill level 4 in Long Blades
   788 | D:2      | Reached XP level 3. HP: 33/33 MP: 2/2
   822 | D:2      | Reached skill level 1 in Maces & Flails
  1194 | D:3      | Noticed Sigmund
  1194 | D:3      | Noticed Terence
  1669 | D:3      | Reached XP level 4. HP: 38/40 MP: 3/3
  1686 | D:3      | Killed Sigmund
  1687 | D:3      | Reached skill level 5 in Maces & Flails
  1687 | D:3      | Reached XP level 5. HP: 35/46 MP: 4/4
  1776 | D:3      | Noticed Ijyb
  1785 | D:3      | Killed Ijyb
  1833 | D:3      | Killed Terence
  1834 | D:3      | Reached XP level 6. HP: 8/52 MP: 5/5
  2381 | D:3      | Found a runed translucent door.
  2382 | D:3      | Noticed Crazy Yiuf
  2537 | D:3      | Killed Crazy Yiuf
  2745 | D:4      | Reached XP level 7. HP: 46/58 MP: 6/6
  3244 | D:5      | Entered Level 5 of the Dungeon
  3278 | D:5      | Found a stormy altar of Qazlal.
  3369 | D:5      | Found a glowing golden altar of the Shining One.
  3452 | D:5      | Became a worshipper of the Shining One
  3536 | D:5      | Found a hide-covered altar of Uskayaw.
  3573 | D:5      | Reached skill level 10 in Maces & Flails
  3586 | D:5      | Reached XP level 8. HP: 59/66 MP: 7/7
  3646 | D:5      | Found a staircase to the Ecumenical Temple.
  3678 | D:5      | Found a basalt altar of Yredelemnul.
  3876 | D:5      | Found Sauthregy's Magic Scroll Emporium.
  3904 | D:5      | Bought a scroll of brand weapon for 123 gold pieces
  4011 | D:6      | Noticed Maggie
  4016 | D:6      | Reached skill level 5 in Long Blades
  4021 | D:6      | Killed Maggie
  4022 | D:6      | Reached skill level 7 in Long Blades
  4028 | D:6      | Reached * piety under the Shining One
  4034 | D:6      | Reached skill level 1 in Invocations
  4192 | D:6      | Identified the -1 cloak of the Bruised Xenops {-Tele rElec
                  | rF+ Will+}
  4241 | D:6      | Reached XP level 9. HP: 71/71 MP: 9/9
  4246 | D:6      | Reached skill level 8 in Long Blades
  4425 | D:6      | Found a shimmering altar of Xom.
  4469 | D:6      | Found a glowing silver altar of Zin.
  4469 | D:6      | Noticed an angel
  4572 | D:6      | Found a sacrificial altar of Ru.
  4674 | D:6      | Found an ornate altar of the Wu Jian Council.
  5188 | D:7      | Reached ** piety under the Shining One
  5328 | D:7      | Reached skill level 9 in Long Blades
  5799 | D:7      | Reached skill level 5 in Invocations
  6199 | D:8      | Noticed a two-headed ogre
  6199 | D:8      | Reached *** piety under the Shining One
  6205 | D:8      | Killed a two-headed ogre
  6206 | D:8      | Reached skill level 10 in Long Blades
  6280 | D:8      | Noticed a two-headed ogre
  6331 | D:8      | Killed a two-headed ogre
  6332 | D:8      | Reached skill level 5 in Shields
  6332 | D:8      | Reached XP level 10. HP: 22/78 MP: 13/13
  6725 | D:8      | Noticed a two-headed ogre
  6731 | D:8      | Killed a two-headed ogre
  6732 | D:8      | Reached skill level 11 in Long Blades
  7145 | D:8      | Found Ypusumesm's General Store.
  7153 | D:8      | Bought a scroll of enchant weapon for 105 gold pieces
  7693 | D:9      | Noticed Erolcha
  7696 | D:9      | Found a bloodstained altar of Trog.
  7704 | D:9      | Killed Erolcha
  7705 | D:9      | Reached skill level 12 in Long Blades
  7827 | D:9      | Reached **** piety under the Shining One
  7833 | D:9      | Noticed Maurice
  7865 | D:9      | Killed Maurice
  8118 | D:9      | Reached XP level 11. HP: 80/83 MP: 16/16
  8280 | D:9      | Found an opulent altar of Gozag.
  8530 | D:9      | Found a staircase to the Orcish Mines.
  8575 | Orc:1    | Entered Level 1 of the Orcish Mines
  8575 | Orc:1    | Noticed Fannar
  8948 | Orc:1    | Killed Fannar
  8949 | Orc:1    | Reached skill level 1 in Throwing
  9109 | Orc:1    | Found a shimmering blue altar of Sif Muna.
  9140 | Orc:1    | Noticed an orc sorcerer
  9166 | Orc:1    | Noticed a soul eater
  9167 | Orc:1    | Killed an orc sorcerer
  9445 | Orc:1    | Noticed Harold
  9460 | Orc:1    | Killed Harold
  9467 | Orc:1    | Noticed Erica
  9473 | Orc:1    | Killed Erica
  9991 | Orc:2    | Entered Level 2 of the Orcish Mines
  9996 | Orc:2    | Noticed an orc sorcerer
 10004 | Orc:2    | Killed an orc sorcerer
 10005 | Orc:2    | Reached skill level 13 in Long Blades
 10101 | Orc:2    | Found Tamad's Jewellery Shop.
 10147 | Orc:2    | Noticed a two-headed ogre
 10154 | Orc:2    | Killed a two-headed ogre
 10336 | Orc:2    | Noticed an orc sorcerer
 10353 | Orc:2    | Killed an orc sorcerer
 10358 | Orc:2    | Reached skill level 10 in Invocations
 10589 | Orc:2    | Found a staircase to the Elven Halls.
 10612 | Orc:2    | Reached skill level 5 in Throwing
 10720 | Orc:2    | Noticed an orc high priest
 10721 | Orc:2    | Noticed an orc high priest
 10722 | Orc:2    | Noticed an orc knight
 10722 | Orc:2    | Noticed an orc knight
 10722 | Orc:2    | Noticed an orc sorcerer
 10722 | Orc:2    | Noticed an orc knight
 10722 | Orc:2    | Noticed an orc sorcerer
 10722 | Orc:2    | Noticed an orc sorcerer
 10723 | Orc:2    | Noticed an orc warlord
 10724 | Orc:2    | Noticed a sixfirhy
 10727 | Orc:2    | HP: 4/83 [orc priest/divine providence (13)]
 10728 | Orc:2    | Mangled by an orc warrior

Illustrated notes

Levels and vault maps discovered:
D:1:      nzn_arrival_settlement, layout_basic
D:2:      layout_rooms
D:3:      layout_rooms, chequers_serial_rivers_small_3, uniq_ijyb,
          uniq_crazy_yiuf_cottage, uniq_terence, uniq_sigmund
D:4:      layout_loops_ring
D:5:      layout_basic, eat_drink_and_be_merry_uskayaw,
          nicolae_overflow_crystal_walls, mainiacjoe_overflow_two_lobes,
          minmay_temple_entry_butterflies, serial_shops,
          nicolae_shop_rolling_square
D:6:      layout_gridville, nicolae_wu_jian_wuxing_cycle,
          mainiacjoe_overflow_concentric_impassable, zin_angel,
          nicolae_ru_sacrificial_ziggurat, feat_on_display, uniq_maggie
D:7:      layout_basic, serial_undead, serial_undead_c, serial_undead_c,
          serial_undead_e, serial_undead_f, serial_undead_e, serial_undead_b,
          serial_undead_c, serial_undead_a, serial_undead_f, serial_undead_e
D:8:      layout_basic, serial_shops, shop
D:9:      layout_basic, lemuel_tele_altar, overflow_temple_1_default,
          erik_orc_2, uniq_erolcha, uniq_maurice
Orc:1:    layout_caves, portal_ice_cave_demonic_guard, led_sif_book, uniq_erica,
          uniq_fannar, uniq_harold
Orc:2:    st_orc_congregation, layout_diamond_mine, serial_shops,
          nicolae_shop_window_shopping

Skill      XL: |  1  2  3  4  5  6  7  8  9 10 11 |
---------------+----------------------------------+-----
Long Blades    | 4 7 10 12 13 | 13.2
Maces & Flails | 2 5 6 7 10 11 | 11.1
Invocations    | 2 6 8 10 | 10.0
Shields        | 5 6 8 |  8.3
Throwing       | 5 |  5.1
Fighting       | |  3.8
Armour         | |  3.8

Action                     |  1- 3 |  4- 6 |  7- 9 | 10-12 || total
---------------------------+-------+-------+-------+-------++-------
  Melee: Long sword        |    33 |       |    42 |       ||    75
         Headbutt          |    11 |    13 |    64 |    75 ||   163
         Whip              |    49 |    39 |       |       ||    88
         Mace              |       |    19 |   103 |       ||   122
         Scimitar          |       |       |    92 |   320 ||   412
  Throw: Dart              |       |       |       |    36 ||    36
 Invoke: Divine Shield     |       |       |     1 |     1 ||     2
         Cleansing Flame   |       |       |       |     2 ||     2
  Evoke: Wand              |       |       |     2 |    29 ||    31
    Use: Potion            |       |     2 |     1 |     4 ||     7
         Scroll            |       |       |    14 |     7 ||    21
 Armour: Scale mail        |     8 |       |       |       ||     8
         Plate armour      |    60 |    22 |   204 |   139 ||   425
  Dodge: Dodged            |    32 |    21 |   117 |    90 ||   260
  Block: Buckler           |    22 |     5 |    75 |    97 ||   199

Table legend: (Time is in decaauts)
 A = Elapsed time spent in this place.
 B = Non-inter-level travel time spent in this place.
 C = Inter-level travel time spent in this place.
 D = Time resting spent in this place.
 E = Time spent auto-exploring this place.
 F = Levels seen in this place.
 G = Mean time per level.
                   A        B        C        D        E       F      G
               +--------+--------+--------+--------+--------+-----+--------+
         Total |  10642 |  10385 |    257 |   2368 |   6315 |  11 |  967.5 |
       Dungeon |   8885 |   8642 |    243 |   2020 |   5213 |   9 |  987.2 |
  Orcish Mines |   1757 |   1744 |     13 |    347 |   1102 |   2 |  878.5 |
               +--------+--------+--------+--------+--------+-----+--------+

Top non-repeatable levels by time:
     D:8: 1423 daAuts
     D:9: 1256 daAuts
     D:7: 1103 daAuts
     D:6: 1088 daAuts
   Orc:1: 1036 daAuts
     D:2: 948 daAuts
     D:3: 941 daAuts
     D:5: 745 daAuts
   Orc:2: 721 daAuts
     D:1: 707 daAuts
     D:4: 670 daAuts
